SAAA
FLORIDA MEN @ ALLOWAY HALBERDS
07/14/2037
 
TOP OF THE 1ST
Florida Men batting - Pitching for Alloway Halberds : RHP Bob Browning
Pitching: RHP Bob Browning
Batting: RHB Jorge Salgado 0-0: Ball
1-0: Ball
2-0: Fly out, F8 (Flyball, 8LS, EV 88.8 MPH)
Batting: LHB Eduardo Álvarez 0-0: Foul Ball, location: 2F
0-1: Ball
1-1: Fly out, F5 (Popup, 6S, EV 87.5 MPH)
Batting: RHB Barsati Saraf 0-0: Foul Ball, location: 2F
0-1: Fly out, F8 (Line Drive, 8RM, EV 92.5 MPH)
Top of the 1st over - 0 runs, 0 hits, 0 errors, 0 left on base; Florida 0 - Alloway 0
BOTTOM OF THE 1ST
Alloway Halberds batting - Pitching for Florida Men : LHP Paul Haines
Pitching: LHP Paul Haines
Batting: LHB Brenton Winston 0-0: Foul Ball, location: 2F
0-1: Fly out, F9 (Flyball, 9, EV 96.2 MPH)
Batting: RHB Tom Boyer 0-0: Ball
1-0: Foul Ball, location: 2F
1-1: Ground out 1-3 (Groundball, P, EV 83.1 MPH)
Batting: RHB Carlos Garza 0-0: Called Strike
0-1: Called Strike
0-2: Foul Ball, location: 2F
0-2: Strikes out swinging
Bottom of the 1st over - 0 runs, 0 hits, 0 errors, 0 left on base; Florida 0 - Alloway 0
TOP OF THE 2ND
Florida Men batting - Pitching for Alloway Halberds : RHP Bob Browning
Batting: LHB Jesús Encarnación 0-0: Swinging Strike
0-1: Swinging Strike
0-2: Strikes out swinging
Batting: LHB Ronald Anderson 0-0: Ball
1-0: Ground out 4-3 (Groundball, 4, EV 104.4 MPH)
Batting: RHB Pellervo Rintanen 0-0: Foul Ball, location: 2F
0-1: Foul Ball, location: 2F
0-2: Ground out U3 (Groundball, 3L, EV 89.4 MPH)
Top of the 2nd over - 0 runs, 0 hits, 0 errors, 0 left on base; Florida 0 - Alloway 0
BOTTOM OF THE 2ND
Alloway Halberds batting - Pitching for Florida Men : LHP Paul Haines
Batting: RHB Manny Gonzáles 0-0: Ball
1-0: Ball
2-0: Called Strike
2-1: Foul Ball, location: 2F
2-2: Foul Ball, location: 2F
2-2: Fly out, F7 (Flyball, 7, EV 93.8 MPH)
Batting: LHB Juan Jimínez 0-0: Called Strike
0-1: Fly out, F7 (Flyball, 7, EV 84.4 MPH)
Batting: RHB Jordan Hollins 0-0: Called Strike
0-1: Ground out 3-1 (Groundball, 34S, EV 90.0 MPH)
Bottom of the 2nd over - 0 runs, 0 hits, 0 errors, 0 left on base; Florida 0 - Alloway 0
TOP OF THE 3RD
Florida Men batting - Pitching for Alloway Halberds : RHP Bob Browning
Batting: LHB Matt Herman 0-0: Called Strike
0-1: Ball
1-1: Called Strike
1-2: Ball
2-2: Ball
3-2: Strikes out swinging
Batting: RHB Chang-lit Min 0-0: SINGLE (Line Drive, 3D, EV 93.8 MPH)
Batting: RHB Marcos Alfaro 0-0: Ball
1-0: Ball
2-0: Ground out 6-3 (Groundball, 6S, EV 74.4 MPH)
Chang-lit Min to second
Batting: RHB Jorge Salgado 0-0: Ball
1-0: Ball
2-0: Ball
3-0: Base on Balls
Batting: LHB Eduardo Álvarez 0-0: Foul Ball, location: 2F
0-1: Ball
1-1: Foul Ball, location: 2F
1-2: Fly out, F7 (Flyball, 7S, EV 84.4 MPH)
Top of the 3rd over - 0 runs, 1 hit, 0 errors, 2 left on base; Florida 0 - Alloway 0
BOTTOM OF THE 3RD
Alloway Halberds batting - Pitching for Florida Men : LHP Paul Haines
Batting: LHB Bora Garasanin 0-0: Ball
1-0: Ball
2-0: Called Strike
2-1: Ground out 4-3 (Groundball, 4, EV 97.5 MPH)
Batting: RHB Bryan Clifton 0-0: Foul Ball, location: 2F
0-1: Fly out, F8 (Flyball, 78M, EV 90.6 MPH)
Batting: RHB Scotty Smalls 0-0: Swinging Strike
0-1: SINGLE (Groundball, 4M, EV 106.9 MPH) (infield hit)
Batting: LHB Brenton Winston 0-0: Ball
1-0: Ball
2-0: Ball
3-0: Called Strike
3-1: SINGLE (Groundball, 34, EV 87.5 MPH) (infield hit)
Scotty Smalls to second
Batting: RHB Tom Boyer 0-0: Ball
1-0: Swinging Strike
1-1: Foul Ball, location: 2F
1-2: Foul Ball, location: 2F
1-2: Ball
2-2: Ball
3-2: Ground out 6-3 (Groundball, 6, EV 81.9 MPH)
Bottom of the 3rd over - 0 runs, 2 hits, 0 errors, 2 left on base; Florida 0 - Alloway 0
TOP OF THE 4TH
Florida Men batting - Pitching for Alloway Halberds : RHP Bob Browning
Batting: RHB Barsati Saraf 0-0: Ball
1-0: Foul Ball, location: 2F
1-1: Ball
2-1: Ball
3-1: DOUBLE (Flyball, 8RXD, EV 106.9 MPH)
Pinch Runner at 2nd General Booty:
Batting: LHB Jesús Encarnación 0-0: Ball
1-0: Ball
2-0: Ball
General Booty steals 3rd base
3-0: Called Strike
3-1: Swinging Strike
3-2: Foul Ball, location: 2F
3-2: Base on Balls
Batting: LHB Ronald Anderson 0-0: Fielders Choice at 2nd, 1-4 (Groundball, 25, EV 74.4 MPH)
Batting: RHB Pellervo Rintanen 0-0: Ball
1-0: Fly out, F9 (Flyball, 9LS, EV 88.1 MPH)
Batting: LHB Matt Herman 0-0: Called Strike
0-1: Fly out, F7 (Flyball, 78D, EV 88.8 MPH)
Top of the 4th over - 0 runs, 1 hit, 0 errors, 2 left on base; Florida 0 - Alloway 0
BOTTOM OF THE 4TH
Alloway Halberds batting - Pitching for Florida Men : LHP Paul Haines
Now at SS: Pedro Ortíz
Batting: RHB Carlos Garza 0-0: Foul Ball, location: 2F
0-1: Ball
1-1: Swinging Strike
1-2: Strikes out looking
Batting: RHB Manny Gonzáles 0-0: Called Strike
0-1: Ball
1-1: Ball
2-1: Ball
3-1: Called Strike
3-2: Base on Balls
Batting: LHB Juan Jimínez 0-0: Called Strike
0-1: Fly out, F8 (Flyball, 8LM, EV 98.8 MPH)
Batting: RHB Jordan Hollins 0-0: Ball
1-0: Called Strike
1-1: Swinging Strike
1-2: Ball
2-2: Foul Ball, location: 2F
2-2: Foul Ball, location: 2F
2-2: Foul Ball, location: 2F
2-2: Ball
3-2: Foul Ball, location: 2F
3-2: Ground out 6-3 (Groundball, 6, EV 86.9 MPH)
Bottom of the 4th over - 0 runs, 0 hits, 0 errors, 1 left on base; Florida 0 - Alloway 0
TOP OF THE 5TH
Florida Men batting - Pitching for Alloway Halberds : RHP Bob Browning
Batting: RHB Chang-lit Min 0-0: Ball
1-0: Swinging Strike
1-1: Called Strike
1-2: Ball
2-2: Strikes out swinging
Batting: RHB Marcos Alfaro 0-0: Fly out, F8 (Flyball, 8LM, EV 82.5 MPH)
Batting: RHB Jorge Salgado 0-0: Called Strike
0-1: Swinging Strike
0-2: Ball
1-2: Foul Ball, location: 2F
1-2: Ball
2-2: Ball
3-2: Base on Balls
Batting: LHB Eduardo Álvarez 0-0: Ball
1-0: Called Strike
Jorge Salgado steals 2nd base (no throw)
1-1: Foul Ball, location: 2F
1-2: Fly out, F7 (Flyball, 7S, EV 86.9 MPH)
Top of the 5th over - 0 runs, 0 hits, 0 errors, 1 left on base; Florida 0 - Alloway 0
BOTTOM OF THE 5TH
Alloway Halberds batting - Pitching for Florida Men : LHP Paul Haines
Batting: LHB Bora Garasanin 0-0: Called Strike
0-1: Foul Ball, location: 2F
0-2: Ball
1-2: SINGLE (Groundball, 34D, EV 103.1 MPH)
Batting: RHB Bryan Clifton 0-0: Bunt - Flyout to 5S! F5
Batting: RHB Scotty Smalls 0-0: Foul Ball, location: 2F
0-1: Ball
1-1: Called Strike
1-2: Strikes out swinging
Batting: LHB Brenton Winston 0-0: Ball
1-0: Ground out 1-3 (Groundball, 13, EV 90.6 MPH)
Bottom of the 5th over - 0 runs, 1 hit, 0 errors, 1 left on base; Florida 0 - Alloway 0
TOP OF THE 6TH
Florida Men batting - Pitching for Alloway Halberds : RHP Bob Browning
Batting: RHB Pedro Ortíz 0-0: Ball
1-0: Called Strike
1-1: Foul Ball, location: 2F
1-2: Ground out 6-3 (Groundball, 6, EV 83.1 MPH)
Batting: LHB Jesús Encarnación 0-0: Ball
1-0: Called Strike
1-1: Ground out 3-1 (Groundball, 34, EV 90.0 MPH)
Batting: LHB Ronald Anderson 0-0: Called Strike
0-1: Ball
1-1: Ball
2-1: Foul Ball, location: 2F
2-2: Ball
3-2: Fly out, F7 (Flyball, 78D, EV 95.0 MPH)
Top of the 6th over - 0 runs, 0 hits, 0 errors, 0 left on base; Florida 0 - Alloway 0
BOTTOM OF THE 6TH
Alloway Halberds batting - Pitching for Florida Men : LHP Paul Haines
Batting: RHB Tom Boyer 0-0: Called Strike
0-1: Ball
1-1: Ball
2-1: Foul Ball, location: 2F
2-2: Ball
3-2: Ground out 6-3 (Groundball, 6M, EV 76.2 MPH)
Pitching: LHP Geoffroy Cadaloba
Batting: RHB Carlos Garza 0-0: Ball
1-0: SINGLE (Groundball, 56D, EV 108.8 MPH)
Batting: RHB Manny Gonzáles 0-0: Ball
1-0: Called Strike
1-1: Ground out 5-3 (Groundball, 56S, EV 66.9 MPH)
Carlos Garza to second
Batting: LHB Juan Jimínez 0-0: Fly out, F6 (Line Drive, 6, EV 76.2 MPH)
Bottom of the 6th over - 0 runs, 1 hit, 0 errors, 1 left on base; Florida 0 - Alloway 0
TOP OF THE 7TH
Florida Men batting - Pitching for Alloway Halberds : RHP Bob Browning
Batting: RHB Pellervo Rintanen 0-0: Swinging Strike
0-1: Ball
1-1: Foul Ball, location: 2F
1-2: Strikes out swinging
Batting: LHB Matt Herman 0-0: Ball
1-0: Called Strike
1-1: Ball
2-1: Foul Ball, location: 2F
2-2: Strikes out swinging
Batting: RHB Chang-lit Min 0-0: Ball
1-0: Ball
2-0: Swinging Strike
2-1: Ground out 6-3 (Groundball, 4MS, EV 89.4 MPH)
Top of the 7th over - 0 runs, 0 hits, 0 errors, 0 left on base; Florida 0 - Alloway 0
BOTTOM OF THE 7TH
Alloway Halberds batting - Pitching for Florida Men : LHP Geoffroy Cadaloba
Batting: RHB Jordan Hollins 0-0: Called Strike
0-1: Called Strike
0-2: SINGLE (Groundball, 25, EV 70.0 MPH) (infield hit)
Batting: LHB Bora Garasanin 0-0: Fly out, F8 (Flyball, 8RD, EV 103.1 MPH)
Batting: RHB Bryan Clifton 0-0: Ball
1-0: Foul Ball, location: 2F
1-1: Fly out, F8 (Line Drive, 8LM, EV 93.1 MPH)
Batting: RHB Scotty Smalls 0-0: Ball
1-0: Foul Ball, location: 2F
1-1: Ball
2-1: Ground out 6-3 (Groundball, 6M, EV 90.6 MPH)
Bottom of the 7th over - 0 runs, 1 hit, 0 errors, 1 left on base; Florida 0 - Alloway 0
TOP OF THE 8TH
Florida Men batting - Pitching for Alloway Halberds : RHP Bob Browning
Batting: RHB Marcos Alfaro 0-0: Ball
1-0: Foul Ball, location: 2F
1-1: Called Strike
1-2: Strikes out looking
Batting: RHB Jorge Salgado 0-0: Ball
1-0: Fly out, F8 (Flyball, 89D, EV 108.1 MPH)
Batting: LHB Eduardo Álvarez 0-0: Ball
1-0: Foul Ball, location: 2F
1-1: Called Strike
1-2: SINGLE (Line Drive, 5D, EV 96.2 MPH)
Batting: RHB Pedro Ortíz 0-0: Ball
1-0: Ball
2-0: Fielders Choice at 2nd, 6-4 (Groundball, 6, EV 84.4 MPH)
Top of the 8th over - 0 runs, 1 hit, 0 errors, 1 left on base; Florida 0 - Alloway 0
BOTTOM OF THE 8TH
Alloway Halberds batting - Pitching for Florida Men : LHP Geoffroy Cadaloba
Batting: LHB Brenton Winston 0-0: Ball
1-0: Foul Ball, location: 2F
1-1: Foul Ball, location: 2F
1-2: Ball
2-2: Fly out, F8 (Flyball, 8LXD, EV 91.9 MPH)
Batting: RHB Tom Boyer 0-0: Called Strike
0-1: Ball
1-1: Ball
2-1: Called Strike
2-2: Ball
3-2: Base on Balls
Pitching: RHP Manny Benavides
Batting: RHB Carlos Garza 0-0: Ball
1-0: Foul Ball, location: 2F
1-1: Fly out, F7 (Flyball, 7D, EV 96.9 MPH)
Batting: RHB Manny Gonzáles 0-0: SINGLE (Groundball, 6D, EV 95.0 MPH)
Tom Boyer to second
Batting: LHB Juan Jimínez 0-0: 3-RUN HOME RUN (Flyball, 89XD, EV 101.2 MPH), Distance : 410 ft
Batting: RHB Jordan Hollins 0-0: Ball
1-0: Ball
2-0: Foul Ball, location: 2F
2-1: Called Strike
2-2: Ball
3-2: Foul Ball, location: 2F
3-2: Base on Balls
Batting: LHB Bora Garasanin 0-0: Ball
1-0: Ball
2-0: Ground out 4-3 (Groundball, 34, EV 85.6 MPH)
Bottom of the 8th over - 3 runs, 2 hits, 0 errors, 1 left on base; Florida 0 - Alloway 3
TOP OF THE 9TH
Florida Men batting - Pitching for Alloway Halberds : RHP Bob Browning
Pitching: RHP Francisco García
Now at 1B: Ed Gordon
Now in CF: José Alcalá
Batting: LHB Jesús Encarnación 0-0: Ball
1-0: Ball
2-0: Ground out 6-3 (Groundball, 6, EV 89.4 MPH)
Batting: LHB Ronald Anderson 0-0: Swinging Strike
0-1: Foul Ball, location: 2F
0-2: Foul Ball, location: 2F
0-2: Fly out, F7 (Flyball, 78D, EV 98.8 MPH)
Batting: RHB Pellervo Rintanen 0-0: Fly out, F9 (Flyball, 9S, EV 85.0 MPH)
Top of the 9th over - 0 runs, 0 hits, 0 errors, 0 left on base; Florida 0 - Alloway 3
Thursday, January 23rd, 2020 - OOTP Baseball 20.8 Build 74